 Dungeon Crawl Stone Soup version 0.17-a0-128-g90bd1c5 (webtiles) character file.

412165 xeno23 the Warrior (level 23, 0/188 HPs)
             Began as a Merfolk Ice Elementalist on Mar 20, 2015.
             Was the Champion of Ashenzari.
             Slain by a quicksilver dragon (24 damage)
             ... on level 4 of the Depths on Mar 23, 2015.
             The game lasted 11:50:29 (66634 turns).

xeno23 the Warrior (Merfolk Ice Elementalist)      Turns: 66634, Time: 11:50:29

Health: 0/188      AC: 12    Str: 12    XL:     23   Next: 53%
Magic:  0/41       EV: 35    Int: 28    God:    Ashenzari [******]
Gold:   1203       SH:  0    Dex: 27    Spells: 9 memorised, 10 levels left

rFire  + . .     SeeInvis +     o - +6 halberd "Satey" {freeze, MR+ Dex+4} (curse)
rCold  + . .     Clarity  +     k - +1 robe of the Hidden Vale {rElec rPois rF+} (curse)
rNeg   . . .     SustAb   .     (no shield)
rPois  +         Gourm    .     e - +2 hat of the High Council {Archmagi, Wiz- Stlth-} (curse)
rElec  +         Spirit   .     O - +0 cloak of Forking Paths {rF+ Str+3 Int+3 Dex+4} (curse)
rCorr  .         Warding  .     F - +2 pair of gloves {Dex+3} (curse)
rMut   +         Stasis   .     v - +2 pair of boots {Fly} (curse)
MR     ++++.                    a - amulet of resist mutation (curse)
Stlth  ++++++....               C - ring of the Mage {Wiz MR++ Int+3} (curse)
                                E - ring of ice (curse)

@: studying Stealth, incredibly resistant to hostile enchantments, very stealthy
A: change form in water, swift swim
a: Scrying, Transfer Knowledge, Renounce Religion, Evoke Flight
}: 2/15 runes: decaying, gossamer


You were on level 4 of the Depths.
You worshipped Ashenzari.
Ashenzari was exalted by your worship.
You were not hungry.

You visited 8 branches of the dungeon, and saw 46 of its levels.
You visited 2 bazaars.
You also visited: Ice Cave.

You collected 6917 gold pieces.
You spent 5714 gold pieces at shops.

Inventory:

Hand weapons
 o - the cursed +6 halberd "Satey" (weapon) {freeze, MR+ Dex+4}
   (You bought it in a shop on level 4 of the Orcish Mines)

   It has been specially enchanted to freeze those struck by it, causing extra
   injury to most foes and up to half again as much damage against particularly
   susceptible opponents.
   It can also slow down cold-blooded creatures.
   It affects your dexterity (+4).
   It affects your resistance to hostile enchantments.
   It has a curse placed upon it.
Missiles
 y - 24 javelins (quivered)
Armour
 e - the cursed +2 hat of the High Council (worn) {Archmagi, Wiz- Stlth-}
   (You bought it in a shop on level 2 of the Vaults)

   It makes you less stealthy.
   It has a curse placed upon it.
 k - the cursed +1 robe of the Hidden Vale (worn) {rElec rPois rF+}
   (You found it on level 4 of the Dungeon)

   It protects you from fire.
   It insulates you from electricity.
   It protects you from poison.
   It has a curse placed upon it.
 v - a cursed +2 pair of boots of flying (worn)
 F - a cursed +2 pair of gloves of dexterity (worn)
 O - the cursed +0 cloak of Forking Paths (worn) {rF+ Str+3 Int+3 Dex+4}
   (You found it on level 7 of the Lair of Beasts)

   It affects your strength (+3).
   It affects your intelligence (+3).
   It affects your dexterity (+4).
   It protects you from fire.
   It has a curse placed upon it.
Jewellery
 a - a cursed amulet of resist mutation (around neck)
 c - an uncursed amulet of regeneration
 j - an uncursed ring of teleport control
 s - an uncursed ring of positive energy
 u - an uncursed amulet of stasis
 C - the cursed ring of the Mage (right hand) {Wiz MR++ Int+3}
   (You bought it in a shop on level 2 of the Vaults)

   [ring of wizardry]

   It improves your spell success rate.
   It affects your intelligence (+3).
   It affects your resistance to hostile enchantments.
   It has a curse placed upon it.
 E - a cursed ring of ice (left hand)
Magical devices
 b - a wand of fire (6)
 m - a wand of digging (6)
 q - a wand of fire (9)
 Z - a wand of disintegration (12)
Scrolls
 g - 2 scrolls of blinking
 h - 17 scrolls of teleportation
 i - 9 scrolls of identify
 r - 5 scrolls of magic mapping
 w - 14 scrolls of remove curse
 A - 2 scrolls of fear
 B - 3 scrolls of recharging
 H - a scroll of summoning
 I - 4 scrolls of fog
 K - 7 scrolls of amnesia
 M - a scroll of enchant armour
 Q - 2 scrolls of holy word
 T - 6 scrolls of immolation
 U - 2 scrolls of silence
Potions
 f - 9 potions of brilliance
 l - 2 potions of agility
 n - 2 potions of cancellation
 p - 5 potions of restore abilities
 t - 14 potions of curing
 z - 3 potions of invisibility
 G - 5 potions of heal wounds
 N - 6 potions of berserk rage
 P - a potion of resistance
 S - 4 potions of magic
 X - 3 potions of haste
 Y - 3 potions of might
Books
 D - a manual of Stealth
Miscellaneous
 J - a box of beasts
 W - a stone of tremors
Comestibles
 d - 17 meat rations


   Skills:
 * Level 17.6 Fighting
 - Level 13.2(18.6) Polearms
 + Level 16.4(20.3) Dodging
 - Level 10.6(14.8) Stealth
   Level 3.7 Shields
 * Level 15.3 Spellcasting
 + Level 12.4(16.6) Conjurations
 - Level 9.9(14.2) Charms
 * Level 16.6(20.4) Summonings
 - Level 16.4(20.2) Ice Magic
 - Level 5.0(9.4) Air Magic
   Level 2.0(5.3) Earth Magic
 - Level 9.0(13.3) Poison Magic
 - Level 8.1(12.5) Evocations


You had 10 spell levels left.
You knew the following spells:

 Your Spells              Type           Power        Failure   Level  Hunger
a - Freezing Cloud        Conj/Ice/Air   ########..   1%          6    ###....
b - Ozocubu's Armour      Chrm/Ice       ########     1%          3    None
d - Summon Hydra          Summ           ########..   1%          7    #####..
e - Mephitic Cloud        Conj/Pois/Air  #######.     1%          3    None
g - Condensation Shield   Ice            ########..   1%          4    None
h - Deflect Missiles      Chrm/Air       #######...   2%          6    ###....
r - Regeneration          Chrm/Necr      #######...   1%          3    None
s - Haste                 Chrm           ########     1%          6    ###....
w - Throw Icicle          Conj/Ice       ########     1%          4    None


Dungeon Overview and Level Annotations

Branches:
Dungeon (15/15)            Temple (1/1) D:7            Lair (8/8) D:9
  Swamp (5/5) Lair:4       Spider (5/5) Lair:4        Slime (0/6) Lair:6
    Orc (4/4) D:11            Elf (0/3) Orc:3        Vaults (4/5) D:13
  Crypt (0/3) Vaults:3     Depths (4/5) D:15

Altars:
Ashenzari
Cheibriados
Dithmenos
Elyvilon
Fedhas
Gozag
Kikubaaqudgha
Makhleb
Nemelex Xobeh
Okawaru
Qazlal
Ru
Sif Muna
Trog
Vehumet
Xom
Yredelemnul
Zin
The Shining One
Beogh
Jiyva

Shops:
D:4 *   D:6 }   D:9 (   D:11 [   Orc:4 *[:(   Vaults:2 =([[   Vaults:3 [
Depths:1 :

Portals:
Hell: Lair:8 Depths:1 Depths:2 Depths:3 Depths:4
Abyss: Depths:4
Pandemonium: Depths:3 Depths:4
Ziggurat: Depths:4


Message History

Casting: Haste
Confirm with . or Enter, or press ? or * to list all spells.
Aiming: Throw Icicle
Press: ? - help, Shift-Dir - straight line, f - spriggan defender, p - quicksilver dragon
Aim: a spriggan defender, wielding an enchanted quick blade, wearing a robe and wearing a buckler (freezing vapour, severely wounded)
You feel a strong surge of power!
The shard of ice misses the spriggan defender.
Your four-headed hydra disappears in a puff of smoke!
The spriggan defender is engulfed in freezing vapours.
The spriggan defender hits you with an enchanted quick blade.
* * * LOW HITPOINT WARNING * * *
The quicksilver dragon breathes energy at you.
The bolt of dispelling energy misses you.
The spriggan defender is engulfed in freezing vapours.
The spriggan defender hits you but does no damage.
Evoke which item? (* to show all) (? for menu, Esc to quit)
Okay, then.
Evoke which item? (* to show all) (? for menu, Esc to quit)
You open the lid... ...but nothing happens.
The quicksilver dragon bites you!!
You die...

*, ........#............. * ∆
......##....##'##.... *, *,*
,.....#....'#.!.#'... ,**** *,
,,###..##...##.(#..##.. *,*,
,,,. ##.#..#....#...#)..#.. ,
,,, ,#..#....('....'.#####.'..
,, #...#.##.#....#...#...#..
*** ##..)...(##...##..#..##..
, , ,
#....§§(@(#....'#.[.#'... **
,,,,...§§§.§iD.##....##'##....
*** ##..§§....∩.#.............
#..§§......#'...........'
#....#####..###∩......###
*...# ,{ {....###...###.. ,.#*
,,.#....##'##.... * , ,
,.#............. , , , ,
#.....#.#.....


You could see a quicksilver dragon and a spriggan defender.

Vanquished Creatures
  5 golden dragons
  Arachne (Spider:2)
  Nikola (Swamp:2)
  3 tentacled monstrosities
  4 liches
  A titan (Depths:3)
  2 quicksilver dragons (Depths:4)
  5 sphinxes
  2 tengu reavers (Depths:4)
  Rupert (Lair:6)
  A storm dragon (Depths:3)
  An orc warlord (Orc:4)
  6 fire giants
  Donald (Swamp:5)
  An iron dragon (Depths:4)
  6 frost giants
  A deep elf sorcerer (Depths:4)
  4 ghost moths
  9 vault wardens
  8 emperor scorpions
  2 spriggan defenders
  A draconian annihilator (Depths:2)
  11 very ugly things
  10 stone giants
  13 ironheart preservers
  The ghost of aronpayne the Bludgeoner, a powerful MiBe of Trog (Spider:3)
  3 deep elf demonologists
  A vampire knight (Depths:1)
  3 deep elf annihilators
  A crystal guardian (Vaults:4)
  4 ettins
  A fire dragon (Depths:3)
  A deep elf death mage (Depths:4)
  9 vault guards
  2 minotaurs
  9 yaktaur captains
  2 deep elf high priests
  6 great orbs of eyes
  2 jiangshi (Depths:2)
  Fannar (D:13)
  11 rakshasas
  Harold (D:10)
  12 ice dragons
  A spriggan air mage (Depths:3)
  16 centaur warriors
  Nessos (D:13)
  4 ghost crabs
  12 hydras
  Erica (Orc:2)
  3 deep troll earth magi
  2 salamanders (Depths:3)
  17 ogre magi
  2 vampire magi
  2 tengu warriors (Depths:1)
  32 death yaks
  3 alligators
  9 deep troll shamans
  4 orc high priests (Orc:4)
  A shock serpent (shapeshifter) (Vaults:3)
  5 spriggan berserkers
  Urug (Orc:4)
  A storm dragon zombie (Depths:4)
  A fire crab (shapeshifter) (Vaults:2)
  A fire crab (Vaults:4)
  4 skeletal warriors (D:15)
  4 iron trolls
  6 hell knights
  5 giant orange brains
  2 unseen horrors
  6 wizards
  2 storm dragon skeletons
  4 shadow wraiths
  6 hill giants
  2 deep elf knights
  12 ironbrand convokers
  An ice statue (IceCv)
  23 deep trolls
  A deep elf summoner (Vaults:4)
  5 necromancers
  2 flayed ghosts
  2 swamp dragons (Swamp:3)
  11 orc knights
  36 wolf spiders
  4 shambling mangroves
  18 orb spiders
  A deep elf conjurer (Depths:3)
  3 harpies (Vaults:2)
  40 ugly things
  3 manticores
  A shadow dragon skeleton (Depths:4)
  A sixfirhy (Lair:8)
  A stone giant zombie (Depths:2)
  11 hornets
  5 orc sorcerers
  A tengu skeleton (Depths:4)
  2 cyclopes
  2 griffons
  A sphinx skeleton (Depths:1)
  A faun (shapeshifter) (Vaults:2)
  A water nymph (shapeshifter) (Depths:3)
  Maurice (Orc:1)
  2 gargoyles
  4 black mambas
  Joseph (D:12)
  18 elephants
  A queen ant (Lair:6)
  A smoke demon (Lair:8)
  16 vault sentinels
  A rust devil (Depths:3)
  3 eyes of devastation (Depths:2)
  3 orange demons (Lair:8)
  8 centaur skeletons
  8 torpor snails
  12 komodo dragons
  22 spiny frogs
  15 demonic crawlers
  3 kobold demonologists
  A death yak zombie (Depths:1)
  A hellwing (Lair:8)
  4 fire drakes
  A tengu conjurer (Depths:1)
  28 jumping spiders
  64 yaktaurs
  A deep elf priest (Vaults:1)
  7 trolls
  A wolf spider simulacrum (IceCv)
  12 freezing wraiths
  5 red devils
  31 blink frogs
  Grinder (D:4)
  5 polar bears
  2 blue devils (Lair:8)
  7 bog bodies
  A wandering mushroom (Lair:8)
  15 ravens
  33 slime creatures
  A trapdoor spider zombie (D:9)
  6 boulder beetles
  A two-headed ogre (shapeshifter) (Vaults:2)
  A spriggan zombie (Depths:2)
  A frost giant simulacrum (Vaults:1)
  22 two-headed ogres
  A hornet zombie (D:14)
  A basilisk (D:15)
  A fire giant simulacrum (Depths:1)
  9 spriggans
  22 trapdoor spiders
  4 shadows
  5 wyverns
  A blink frog (shapeshifter) (Depths:1)
  An ice dragon skeleton (Depths:1)
  2 vampires (D:15)
  A spriggan skeleton (Depths:1)
  A tarantella (shapeshifter) (Depths:1)
  A water elemental (D:14)
  24 tarantellas
  2 wraiths
  53 yaks
  10 deep elf magi
  8 hippogriffs
  31 redbacks
  22 humans
  A hog (D:7)
  3 golden eyes (Depths:2)
  6 swamp worm simulacra (Swamp:5)
  3 hungry ghosts
  A steam dragon (Lair:3)
  A death yak simulacrum (IceCv)
  22 vampire mosquitoes
  2 deep elf fighters
  2 elf skeletons
  17 wolves
  30 swamp worms
  3 mottled dragons
  10 insubstantial wisps
  20 water moccasins
  A hell hound (Lair:8)
  5 wargs
  8 soldier ants
  The ghost of trelanon the Sneak, an average VSAs (D:3)
  15 ice beasts
  54 orc warriors
  7 porcupines
  12 hydra simulacra (Swamp:5)
  3 orc zombies (Orc:4)
  5 swamp drakes
  A sky beast (D:6)
  43 spiders
  17 boggarts
  A boring beetle (shapeshifter) (Vaults:1)
  70 ogres
  13 wasps
  An eye of draining (D:10)
  A black bear (D:11)
  8 centaurs
  2 phantoms
  17 crocodiles
  A brain worm (D:11)
  26 giant frogs
  6 big kobolds
  7 scorpions
  6 wights
  13 electric eels
  A wasp zombie (D:10)
  11 crimson imps
  2 centaur zombies
  5 draconian simulacra (IceCv)
  A giant frog zombie (D:9)
  5 goliath beetles
  27 orc priests
  5 giant frog skeletons
  9 jellies
  8 iguanas
  Natasha (thrice) (D:6)
  A gnoll shaman (D:6)
  A hell rat (Vaults:4)
  15 hounds
  49 orc wizards
  29 worker ants
  A troll simulacrum (IceCv)
  2 centaur simulacra (IceCv)
  4 spriggan simulacra (IceCv)
  A wolf simulacrum (IceCv)
  36 sheep
  A hound zombie (D:10)
  2 mummies
  A worker ant zombie (D:5)
  26 adders
  9 gnolls
  5 naga simulacra (IceCv)
  28 river rats
  5 shadow imps
  2 ogre simulacra (IceCv)
  2 worms
  2 giant mites
  2 swamp drake simulacra (Swamp:5)
  19 white imps
  An ufetubus (Vaults:4)
  2 giant eyeballs (Depths:2)
  2 giant geckos
  4 oozes
  257 orcs
  2 bat skeletons
  5 giant cockroaches
  2 gnoll zombies (D:5)
  11 goblins
  24 hobgoblins
  6 jackals
  29 kobolds
  13 quokkas
  A ball python (D:4)
  16 bats
  9 giant newts
  2 giant spores
  A hobgoblin zombie (D:6)
  A quokka skeleton (D:4)
  11 rats
  2 spectral orcs (Lair:7)
  4 ballistomycetes
  A bush (Lair:7)
  7 fungi
  2 plants
2290 creatures vanquished.

Vanquished Creatures (collateral kills)
  A golden dragon (Depths:4)
  2 liches
  A titan (Depths:4)
  Asterion (Depths:2)
  Agnes (Swamp:4)
  A thorn hunter (Swamp:4)
  A shadow dragon (Depths:4)
  Wiglaf (Swamp:5)
  2 frost giants (Depths:3)
  An emperor scorpion (Spider:2)
  2 vault wardens (Vaults:2)
  An ironheart preserver (Vaults:2)
  A very ugly thing (Vaults:4)
  An eidolon (Vaults:3)
  3 fire dragons
  The ghost of aronpayne the Carver, a powerful MiBe of Trog (IceCv)
  2 ice dragons
  4 hydras
  2 deep troll earth magi (Vaults:2)
  The ghost of lennard the Cleaver, a powerful OpWn of Makhleb (D:10)
  2 alligators
  A death yak (Depths:3)
  A storm dragon zombie (Depths:3)
  Nergalle (Lair:7)
  A deep elf knight (Depths:3)
  A skeletal warrior (D:15)
  A flayed ghost (Depths:2)
  A tengu zombie (Depths:3)
  3 orc knights
  An iron dragon zombie (Depths:3)
  An orc sorcerer (Orc:4)
  A wolf spider (Spider:1)
  2 ugly things (Vaults:1)
  A necromancer (IceCv)
  A spiny frog (Swamp:4)
  A vault sentinel (Vaults:2)
  A gargoyle (D:12)
  A hellion (Vaults:3)
  2 yaktaurs
  3 freezing wraiths
  7 slime creatures
  A boulder beetle (Spider:1)
  A trapdoor spider (Spider:1)
  5 yaks
  A tarantella (Spider:1)
  A human (D:10)
  2 vampire mosquitoes (Swamp:2)
  A hydra simulacrum (Swamp:5)
  4 wargs
  2 swamp worms
  Menkaure (D:6)
  2 water moccasins
  A porcupine (Lair:5)
  A necrophage (D:9)
  8 orc warriors
  A phantom (D:5)
  A centaur (D:12)
  5 ogres
  A big kobold (D:8)
  3 giant frogs
  A crocodile (Lair:7)
  A scorpion (Spider:4)
  An elephant simulacrum (IceCv)
  An electric eel (D:10)
  A human simulacrum (Vaults:2)
  A hound (D:9)
  3 orc priests
  A jelly (Lair:6)
  An iron imp (Vaults:2)
  6 orc wizards
  4 worker ants
  2 sheep (Lair:7)
  A troll simulacrum (IceCv)
  An adder (D:9)
  5 white imps
  23 orcs
  A goblin (Orc:3)
  A kobold (D:8)
  An orc zombie (Orc:4)
162 creatures vanquished.

Vanquished Creatures (others)
  9 hydras
  A demonic crawler (Spider:1)
  A jumping spider (Spider:4)
  A two-headed ogre (Depths:3)
  A shadow (D:15)
  A vampire mosquito (Vaults:3)
  74 ice beasts
  A lost soul (Depths:4)
  An ogre (Vaults:4)
  A sheep (Lair:7)
  A bat (D:10)
  2 giant spores
  A rat (D:5)
  3 fungi
  6 plants
104 creatures vanquished.

Grand Total: 2556 creatures vanquished

Notes
Turn   | Place    | Note
--------------------------------------------------------------
     0 | D:1      | xeno23, the Merfolk Ice Elementalist, began the quest for the Orb.
     0 | D:1      | Reached XP level 1. HP: 13/13 MP: 3/3
   714 | D:1      | Reached XP level 2. HP: 19/19 MP: 4/4
  1011 | D:1      | Learned a level 2 spell: Throw Frost
  1471 | D:2      | Found a white marble altar of Elyvilon.
  1472 | D:2      | Found a glowing silver altar of Zin.
  1473 | D:2      | Found a glowing golden altar of the Shining One.
  1617 | D:2      | Reached XP level 3. HP: 23/25 MP: 6/6
  1874 | D:2      | Reached skill level 1 in Fighting
  1945 | D:2      | Reached skill level 4 in Ice Magic
  1963 | D:2      | Reached skill level 1 in Conjurations
  2104 | D:2      | Reached XP level 4. HP: 30/32 MP: 8/8
  2561 | D:3      | Noticed trelanon's ghost (average VSAs)
  2577 | D:3      | Learned a level 4 spell: Summon Ice Beast
  3373 | D:3      | Killed trelanon's ghost
  3373 | D:3      | Reached skill level 1 in Summonings
  3373 | D:3      | Reached XP level 5. HP: 27/38 MP: 2/10
  3437 | D:4      | Found Mifavun's General Store.
  3477 | D:4      | Noticed Grinder
  3563 | D:4      | Found a shattered altar of Ashenzari.
  3563 | D:4      | Found a stormy altar of Qazlal.
  3567 | D:4      | Became a worshipper of Ashenzari the Shackled
  3585 | D:4      | Reached XP level 6. HP: 32/45 MP: 1/13
  3589 | D:4      | Found a blossoming altar of Fedhas.
  3663 | D:5      | Entered Level 5 of the Dungeon
  3895 | D:5      | Learned a level 3 spell: Ozocubu's Armour
  4176 | D:5      | Found an iron altar of Okawaru.
  4187 | D:5      | Found an opulent altar of Gozag.
  4220 | D:5      | Reached skill level 1 in Charms
  4220 | D:5      | Reached skill level 5 in Ice Magic
  4220 | D:5      | Reached XP level 7. HP: 51/51 MP: 1/14
  4332 | D:4      | Paralysed by Grinder for 5 turns
  4341 | D:4      | Paralysed by Grinder for 3 turns
  4353 | D:4      | You fall through a shaft!
  4646 | D:6      | Noticed Natasha
  4650 | D:6      | Killed Natasha
  5036 | D:5      | Found a basalt altar of Yredelemnul.
  5098 | D:5      | Found a burning altar of Makhleb.
  5132 | D:5      | Found a bloodstained altar of Trog.
  5197 | D:5      | Reached XP level 8. HP: 43/60 MP: 4/17
  5350 | D:5      | Found a shimmering altar of Xom.
  5351 | D:5      | Found a shimmering altar of Xom.
  5351 | D:5      | Found a shimmering altar of Xom.
  5610 | D:4      | Reached skill level 1 in Polearms
  5647 | D:4      | Bought a scroll of teleportation for 36 gold pieces
  5647 | D:4      | Bought a scroll of identify for 24 gold pieces
  5647 | D:4      | Bought a scroll of remove curse for 36 gold pieces
  5647 | D:4      | Bought a scroll of remove curse for 36 gold pieces
  5758 | D:4      | Got the cursed robe of the Hidden Vale {rElec rPois rF+}
  5769 | D:4      | Identified the cursed +1 robe of the Hidden Vale {rElec rPois rF+} (You found it on level 4 of the Dungeon)
  5918 | D:4      | Killed Grinder
  6049 | D:4      | Found a snail-covered altar of Cheibriados.
  6137 | D:6      | Noticed Menkaure
  6148 | D:6      | Killed Menkaure
  6307 | D:6      | Reached skill level 6 in Ice Magic
  6316 | D:6      | Noticed Natasha
  6319 | D:6      | Killed Natasha
  6347 | D:6      | Reached XP level 9. HP: 58/66 MP: 15/20
  6412 | D:6      | Found Wedd's Quality Used Wands.
  6445 | D:6      | Noticed Natasha
  6457 | D:6      | Killed Natasha
  6484 | D:6      | Reached skill level 1 in Evocations
  6906 | D:6      | Reached skill level 5 in Dodging
  7513 | D:7      | Identified the +2 leather armour of Ypsuzxah {rC++} (You took it off a hobgoblin on level 7 of the Dungeon)
  7669 | D:7      | Noticed a two-headed ogre
  7682 | D:7      | Killed a two-headed ogre
  7682 | D:7      | Reached skill level 5 in Fighting
  7822 | D:7      | Noticed a hippogriff
  7834 | D:7      | Killed a hippogriff
  7834 | D:7      | Reached skill level 5 in Spellcasting
  7834 | D:7      | Reached skill level 5 in Summonings
  7859 | D:7      | Found a staircase to the Ecumenical Temple.
  7920 | Temple   | Entered the Ecumenical Temple
  8180 | D:7      | Noticed a human
  8181 | D:7      | Noticed a hog
  8181 | D:7      | Noticed a yak
  8189 | D:7      | Killed a hog
  8199 | D:7      | Killed a human
  8208 | D:7      | Killed a yak
  8208 | D:7      | Reached XP level 10. HP: 37/74 MP: 13/22
  8274 | D:7      | Reached skill level 1 in Shields
  8489 | D:8      | Reached skill level 7 in Ice Magic
  8656 | D:8      | Identified the cursed +3 rapier of the Foot {freeze, Noisy Str+6}
  9063 | D:9      | Learned a level 3 spell: Mephitic Cloud
  9093 | D:9      | Acquired Ashenzari's first power
  9093 | D:9      | Found a shadowy altar of Dithmenos.
  9301 | D:9      | Found a staircase to the Lair.
  9393 | D:9      | Reached skill level 1 in Poison Magic
  9977 | D:9      | Found Omemi's Weapon Boutique.
 10319 | D:9      | Reached skill level 5 in Stealth
 10385 | D:9      | Reached XP level 11. HP: 58/83 MP: 6/25
 10725 | D:10     | Entered Level 10 of the Dungeon
 10803 | D:10     | Reached skill level 1 in Air Magic
 10973 | D:10     | Noticed lennard's ghost (powerful OpWn)
 11314 | D:10     | Noticed Harold
 11349 | D:10     | Reached skill level 8 in Ice Magic
 11657 | D:10     | Noticed a hill giant
 11681 | D:10     | Killed a hill giant
 11793 | D:11     | Identified the cursed +1 quarterstaff of Otzuc {flame, Dex+8}
 11813 | D:11     | Found Ydathroac's Antique Armour Shop.
 11832 | D:11     | Bought a pair of embroidered boots for 135 gold pieces
 11869 | D:11     | Reached skill level 5 in Conjurations
 11943 | D:11     | Noticed a hill giant
 11954 | D:11     | Killed a hill giant
 12392 | D:10     | Killed lennard's ghost
 12392 | D:10     | Reached skill level 5 in Polearms
 12588 | D:10     | Killed Harold
 12637 | D:10     | Got the cursed pair of gloves of Nihilism {rElec}
 12643 | D:10     | Identified the cursed +0 pair of gloves of Nihilism {rElec} (You found it on level 10 of the Dungeon)
 13056 | D:11     | Acquired Ashenzari's second power
 13279 | D:11     | Noticed a hill giant
 13279 | D:11     | Noticed a six-headed hydra
 13286 | D:11     | Noticed a hill giant
 13434 | D:12     | Found a frozen archway.
 13761 | D:11     | Reached XP level 12. HP: 83/91 MP: 22/26
 13818 | D:11     | Found a roughly hewn altar of Beogh.
 13824 | D:11     | Found a staircase to the Orcish Mines.
 13940 | Orc:1    | Entered Level 1 of the Orcish Mines
 14111 | Orc:1    | Found a frozen archway.
 14113 | Orc:1    | Noticed an ice dragon
 14179 | Orc:1    | Noticed Maurice
 14198 | Orc:1    | Killed Maurice
 14232 | Orc:1    | Killed an ice dragon
 14326 | IceCv    | Entered an ice cave
 14336 | IceCv    | Reached skill level 9 in Ice Magic
 15154 | IceCv    | Learned a level 3 spell: Stone Arrow
 15717 | IceCv    | Noticed aronpayne's ghost (powerful MiBe)
 15767 | IceCv    | HP: 1/92 [aronpayne's ghost (24)]
 15767 | IceCv    | Killed aronpayne's ghost
 15767 | IceCv    | Reached skill level 5 in Evocations
 15908 | IceCv    | Learned a level 4 spell: Throw Icicle
 16162 | IceCv    | Reached skill level 5 in Poison Magic
 16184 | IceCv    | Found an ancient bone altar of Kikubaaqudgha.
 17496 | D:11     | Learned a level 4 spell: Condensation Shield
 17851 | Orc:2    | Noticed Erica
 17898 | Orc:2    | Killed Erica
 17898 | Orc:2    | Reached skill level 1 in Earth Magic
 18024 | Orc:2    | Reached XP level 13. HP: 77/99 MP: 20/28
 18609 | Orc:3    | Found a staircase to the Elven Halls.
 19438 | Orc:4    | Entered Level 4 of the Orcish Mines
 19439 | Orc:4    | Acquired Ashenzari's third power
 19442 | Orc:4    | Found a roughly hewn altar of Beogh.
 19564 | Orc:4    | Found a flickering gateway to a bazaar.
 19572 | Bazaar   | Entered a bazaar
 19579 | Bazaar   | Found Dootheoce's General Store.
 19579 | Bazaar   | Found Karera's Armour Boutique.
 19617 | Bazaar   | Found Ilaze's Weapon Boutique.
 19636 | Bazaar   | Found Halauh's Jewellery Shop.
 19686 | Bazaar   | Bought a +2 pair of boots of flying for 236 gold pieces
 19688 | Bazaar   | Bought a +0 helmet of intelligence for 126 gold pieces
 19690 | Bazaar   | Bought a +0 pair of gloves of dexterity for 126 gold pieces
 19696 | Bazaar   | Bought a scroll of remove curse for 24 gold pieces
 19696 | Bazaar   | Bought a scroll of identify for 16 gold pieces
 19696 | Bazaar   | Bought a scroll of remove curse for 24 gold pieces
 19711 | Bazaar   | Bought an uncursed amulet of resist mutation for 440 gold pieces
 19857 | Orc:4    | Reached skill level 10 in Ice Magic
 19937 | Orc:4    | Noticed Urug
 19954 | Orc:4    | Killed Urug
 20951 | Orc:4    | Noticed an orc warlord
 21671 | Orc:4    | Found Qafrib's Antique Armour Boutique.
 21694 | Orc:4    | Found Oto Chet's Antique Weapon Shop.
 21695 | Orc:4    | Found Goipsa's General Store.
 21695 | Orc:4    | Found Suatuina's Book Boutique.
 21710 | Orc:4    | Bought a potion of curing for 42 gold pieces
 21710 | Orc:4    | Bought a scroll of teleportation for 42 gold pieces
 21710 | Orc:4    | Bought a scroll of remove curse for 42 gold pieces
 21721 | Orc:4    | Bought a runed helmet for 153 gold pieces
 21722 | Orc:4    | Bought a smoking halberd for 243 gold pieces
 21722 | Orc:4    | Identified the +6 halberd "Satey" {freeze, MR+ Dex+4} (You bought it in a shop on level 4 of the Orcish Mines)
 21984 | Orc:4    | Killed an orc warlord
 22741 | Lair:1   | Entered Level 1 of the Lair of Beasts
 23919 | Lair:2   | Reached skill level 11 in Ice Magic
 23928 | Lair:2   | Reached XP level 14. HP: 79/108 MP: 12/30
 23951 | Lair:2   | Learned a level 6 spell: Freezing Cloud
 24347 | Lair:2   | Acquired Ashenzari's fourth power
 25264 | Lair:3   | Gained mutation: You are agile. (Dex +2) [potion of beneficial mutation]
 26024 | Lair:4   | Found a staircase to the Swamp.
 26065 | Lair:4   | Found a hole to the Spider Nest.
 26884 | Lair:5   | Lost mutation: You are agile. (Dex +2) [helix card]
 27604 | Lair:6   | Found a runed door.
 27606 | Lair:6   | Found a viscous altar of Jiyva.
 27608 | Lair:6   | Found a staircase to the Slime Pits.
 27672 | Lair:6   | Noticed Rupert
 27688 | Lair:6   | Killed Rupert
 27767 | Lair:6   | Reached skill level 10 in Fighting
 28498 | Lair:7   | Noticed Nergalle
 28528 | Lair:7   | Killed Nergalle
 28715 | Lair:7   | Identified the cursed +0 cloak of Forking Paths {rF+ Str+3 Int+3 Dex+4}
 28764 | Lair:7   | Reached skill level 12 in Ice Magic
 28764 | Lair:7   | Reached XP level 15. HP: 115/115 MP: 19/32
 29423 | Lair:8   | Entered Level 8 of the Lair of Beasts
 29948 | Lair:8   | Reached skill level 10 in Polearms
 30572 | Lair:8   | Found a burning altar of Makhleb.
 30599 | Lair:8   | Reached skill level 10 in Summonings
 30603 | Lair:8   | Reached skill level 10 in Dodging
 30870 | Lair:8   | Found a gateway to Hell.
 31264 | Lair:8   | Reached skill level 13 in Ice Magic
 31960 | D:12     | Noticed Joseph
 31967 | D:12     | Killed Joseph
 32926 | D:13     | Reached XP level 16. HP: 124/124 MP: 28/33
 33072 | D:13     | Noticed Nessos
 33080 | D:13     | Killed Nessos
 33481 | D:13     | Found a gate to the Vaults.
 33766 | D:13     | Noticed Fannar
 33798 | D:13     | Killed Fannar
 34319 | D:14     | Reached skill level 5 in Air Magic
 34737 | D:14     | Found an opulent altar of Gozag.
 34992 | D:15     | Entered Level 15 of the Dungeon
 35157 | D:15     | Reached skill level 10 in Spellcasting
 35458 | D:15     | Found a staircase to the Depths.
 36115 | D:11     | Learned a level 3 spell: Regeneration
 36118 | D:11     | Upgraded the game from 0.17-a0-119-g2b06fc5 to 0.17-a0-124-gc3c9679
 36323 | Spider:1 | Entered Level 1 of the Spider Nest
 37140 | Spider:2 | Reached skill level 14 in Ice Magic
 37432 | Spider:2 | Noticed Arachne
 37452 | Spider:2 | Killed Arachne
 37452 | Spider:2 | Reached XP level 17. HP: 113/132 MP: 0/34
 39158 | Spider:3 | Noticed aronpayne's ghost (powerful MiBe)
 39173 | Spider:3 | HP: 1/133 [aronpayne's ghost (40)]
 39175 | Spider:3 | Killed aronpayne's ghost
 39787 | Spider:4 | Identified the cursed +2 trident "Lohoac" {drain, Str+3 Dex+2}
 40408 | Spider:5 | Entered Level 5 of the Spider Nest
 40857 | Spider:5 | Reached skill level 15 in Ice Magic
 41402 | Spider:5 | Reached XP level 18. HP: 61/140 MP: 0/35
 41415 | Spider:5 | Reached skill level 10 in Stealth
 41761 | Spider:5 | Got a gossamer rune of Zot
 42386 | Orc:4    | Bought a book of the Dragon for 1260 gold pieces
 42506 | D:11     | Learned a level 7 spell: Summon Hydra
 42677 | Swamp:1  | Entered Level 1 of the Swamp
 44047 | Swamp:2  | Noticed Nikola
 44062 | Swamp:2  | Killed Nikola
 44452 | Swamp:3  | Identified the +2 ring mail "Duit" {Str+3 Int+3}
 45206 | Swamp:4  | Identified a -2 rod of inaccuracy (14/14)
 45529 | Swamp:4  | Reached skill level 10 in Conjurations
 45657 | Swamp:4  | Noticed Agnes
 45661 | Swamp:4  | Killed Agnes
 45929 | Swamp:5  | Entered Level 5 of the Swamp
 45950 | Swamp:5  | Reached skill level 16 in Ice Magic
 45972 | Swamp:5  | Noticed Wiglaf
 45987 | Swamp:5  | Killed Wiglaf
 46026 | Swamp:5  | Noticed Donald
 46036 | Swamp:5  | Killed Donald
 46724 | Swamp:5  | Got a decaying rune of Zot
 47391 | Swamp:5  | Reached XP level 19. HP: 133/148 MP: 33/36
 47415 | Swamp:5  | Learned a level 2 spell: Swiftness
 48032 | Vaults:1 | Entered Level 1 of the Vaults
 49292 | Vaults:2 | Found Bexzelicw's Antique Armour Shoppe.
 49577 | Vaults:2 | Found a flickering gateway to a bazaar.
 49586 | Bazaar   | Entered a bazaar
 49586 | Bazaar   | Found Ydghuin's Armour Emporium.
 49586 | Bazaar   | Found Throuh's Antique Armour Shoppe.
 49587 | Bazaar   | Found Pniujolosch's Armour Shop.
 49588 | Bazaar   | Found Pheor's Antique Weapon Boutique.
 49588 | Bazaar   | Found Safoefuo's Jewellery Shoppe.
 50249 | Vaults:2 | Found Ynwuqip's Antique Armour Shop.
 50258 | Vaults:2 | Bought a pair of bloodstained gloves for 351 gold pieces
 50258 | Vaults:2 | Identified the +2 pair of gloves of Quj Tiun {Contam Str+5} (You bought it in a shop on level 2 of the Vaults)
 50270 | Vaults:2 | Identified the +1 chain mail "Zorol" {rPois rN+ rCorr Dex-3}
 50417 | Vaults:2 | Found Sucvu's Weapon Shop.
 50552 | Vaults:2 | Found Ploimonn's Jewellery Emporium.
 50562 | Vaults:2 | Bought the ring of the Mage {Wiz MR++ Int+3} for 672 gold pieces
 51540 | Vaults:3 | Reached XP level 20. HP: 159/159 MP: 33/38
 52357 | Vaults:3 | Identified the Compendium of the Voyage
 52438 | Vaults:3 | Found Ebunaita's Armour Emporium.
 52969 | Vaults:3 | Found a staircase to the Crypt.
 53735 | Vaults:4 | Found an iron altar of Okawaru.
 54077 | Vaults:4 | Reached skill level 15 in Fighting
 54124 | Vaults:4 | Identified the +5 halberd "Spiderslayer" {venom, MR+} (You took it off an ironbrand convoker on level 4 of the Vaults)
 54595 | Vaults:4 | Got the uncursed helmet of Fromesch {rN+ Str+4 Stlth+}
 54606 | Vaults:4 | Identified the +0 helmet of Fromesch {rN+ Str+4 Stlth+} (You found it on level 4 of the Vaults)
 55563 | Vaults:4 | Reached XP level 21. HP: 144/168 MP: 36/39
 56005 | Vaults:2 | Bought the +2 hat of the High Council {Archmagi, Wiz- Stlth-} for 1650 gold pieces
 56262 | D:11     | Upgraded the game from 0.17-a0-124-gc3c9679 to 0.17-a0-128-g90bd1c5
 56338 | D:11     | Learned a level 6 spell: Haste
 56345 | D:11     | Learned a level 6 spell: Deflect Missiles
 56467 | Depths:1 | Entered Level 1 of the Depths
 56627 | Depths:1 | Found Chiobria's One-of-a-Kind Books.
 56904 | Depths:1 | Reached skill level 15 in Dodging
 57840 | Depths:2 | Reached skill level 5 in Charms
 58152 | Depths:2 | Reached skill level 15 in Summonings
 58584 | Depths:2 | Noticed Asterion
 58590 | Depths:2 | Killed Asterion
 58724 | Depths:2 | Paralysed by a giant eyeball for 4 turns
 58732 | Depths:2 | Paralysed by a giant eyeball for 2 turns
 58737 | Depths:2 | Paralysed by a giant eyeball for 3 turns
 59135 | Depths:2 | Identified a scroll of acquirement
 60425 | Depths:3 | Reached XP level 22. HP: 155/178 MP: 26/40
 61017 | Depths:3 | Noticed a golden dragon
 61028 | Depths:3 | Killed a golden dragon
 61049 | Depths:3 | Noticed a golden dragon
 61465 | Depths:3 | Killed a golden dragon
 61592 | Depths:3 | Noticed a golden dragon
 61618 | Depths:3 | Killed a golden dragon
 63708 | Depths:3 | Reached skill level 17 in Fighting
 63746 | Depths:3 | Found a one-way gate leading to the halls of Pandemonium.
 64367 | Depths:4 | Found a gateway to a ziggurat.
 64411 | Depths:4 | Reached skill level 15 in Spellcasting
 64545 | Depths:4 | Reached XP level 23. HP: 88/187 MP: 41/41
 64912 | Depths:4 | Found a one-way gate to the infinite horrors of the Abyss.
 66603 | Depths:4 | Identified the +7 hand axe of Yredelemnul's Regard {chop, rF+ rN++} (You took it off a yaktaur captain on level 4 of the Depths)
 66634 | Depths:4 | Slain by a quicksilver dragon

Action                   |  1- 3 |  4- 6 |  7- 9 | 10-12 | 13-15 | 16-18 | 19-21 | 22-24 || total
-------------------------+-------+-------+-------+-------+-------+-------+-------+-------++-------
Melee: Unarmed           |     9 |       |     7 |       |       |       |       |       ||    16
       Short sword       |    72 |    83 |    23 |       |       |       |       |       ||   178
       Spear             |       |       |   266 |   860 |       |       |       |       ||  1126
       Halberd           |       |       |       |   256 |  1205 |  1447 |  1586 |   762 ||  5256
Throw: Stone             |       |     5 |       |       |       |       |       |       ||     5
       Javelin           |       |       |     4 |     4 |    13 |     3 |     6 |     4 ||    34
 Cast: Freeze            |    15 |    40 |    22 |    13 |     3 |       |       |       ||    93
       Throw Frost       |     7 |    19 |    59 |   127 |    31 |    19 |     5 |       ||   267
       Summon Ice Beast  |       |     1 |     6 |   115 |    47 |    19 |       |       ||   188
       Ozocubu's Armour  |       |       |     3 |    26 |    18 |    41 |    43 |    21 ||   152
       Mephitic Cloud    |       |       |       |    26 |    22 |     3 |     3 |       ||    54
       Throw Icicle      |       |       |       |     4 |    84 |   116 |    93 |    72 ||   369
       Stone Arrow       |       |       |       |     1 |       |       |       |       ||     1
       Condensation Shie |       |       |       |       |     8 |    13 |    17 |     8 ||    46
       Freezing Cloud    |       |       |       |       |    29 |    64 |    68 |    30 ||   191
       Summon Hydra      |       |       |       |       |       |    19 |    24 |    17 ||    60
       Regeneration      |       |       |       |       |       |       |     3 |       ||     3
       Deflect Missiles  |       |       |       |       |       |       |     2 |     3 ||     5
       Haste             |       |       |       |       |       |       |     1 |     7 ||     8
Invok: Scrying           |       |       |       |       |       |       |       |     1 ||     1
 Abil: Evoke Flight      |       |       |       |       |       |     1 |       |       ||     1
Evoke: Wand              |       |       |       |    13 |       |     3 |     2 |     1 ||    19
       Deck              |       |       |       |       |     3 |     2 |       |       ||     5
       Box of beasts     |       |       |       |       |       |       |       |     1 ||     1
  Use: Scroll            |       |       |     6 |    20 |    28 |    12 |    16 |     2 ||    84
       Potion            |       |       |     2 |     5 |     2 |     2 |     1 |     4 ||    16
 Stab: Sleeping          |     4 |     3 |     8 |    10 |    44 |    44 |    43 |     4 ||   160
       Distracted        |       |       |     1 |    12 |    11 |    20 |    18 |     9 ||    71
       Confused          |       |       |       |     6 |     5 |     4 |     2 |       ||    17
       Fleeing           |       |       |       |     1 |       |       |       |       ||     1
       Held in net/web   |       |       |       |       |       |     6 |       |       ||     6
  Eat: Chunk             |     4 |     9 |    15 |    34 |    61 |    62 |    48 |    12 ||   245
       Beef jerky        |       |       |       |     4 |     2 |     6 |     2 |     1 ||    15
       Fruit             |       |       |       |     3 |       |       |     1 |       ||     4
       Royal jelly       |       |       |       |     2 |       |       |     1 |       ||     3
       Pizza             |       |       |       |       |       |     1 |     1 |       ||     2
       Meat ration       |       |       |       |       |       |       |     1 |     2 ||     3
       Bread ration      |       |       |       |       |       |       |       |     3 ||     3
